[Event "Blixt-SM 2025"]
[Site "Norrköping, Sweden"]
[Date "2025.09.26"]
[Round "2.2"]
[White "Carlsson, Ludvig"]
[Black "Stahlberg, Adam"]
[Result "0-1"]
[TimeControl "3 min + 2 sec/move"]
[WhiteTitle "IM"]
[WhiteElo "2389"]
[BlackElo "1911"]

1. e4 c6 2. d4 d5 3. exd5 cxd5 4.
Bd3 Nc6 5. c3 Nf6 6. Nf3 Bg4 7. Bf4 Qb6 8. b4 e6 9.
O-O Be7 10. Nbd2 O-O 11. a4 Rac8 12. a5 Qd8 13. Qb3 Bh5 14. Rfe1 Bg6 15. Bxg6 hxg6 16. g3 Nd7 17. h4 Re8 18.
Kg2 Bf6 19. Re3 Ne7 20. g4 Nc6 21.
Bg3 g5 22. h5 Ne7 23. Rae1 g6 24. Nh2 gxh5 25. gxh5 Nf5 26. Rf3 Bg7 27. Ng4 Nf6 28. Nxf6+ Bxf6 29. Nf1 g4 30. Rf4 Nh6 31. Ne3 Bg5 32. Rxg4 Nxg4 33.
Nxg4 Bd2 34. Re3 Bxe3 35. fxe3 f5 36. Ne5 Qg5 37. Kf2 Qxh5 38. b5 Re7 39. b6 a6 40. Qb2 Rg7 41. Kg2 Rg5 42. Nd3 Rf8 43. Nf4 Qh6 44. Qf2 Rf7 45. Kf3 Rfg7 46. Bh4 Rg4 47. Bd8 Rxf4+ 48. exf4 Qh3+ 49. Ke2 Qxc3 50. Qh4 Qc2+ 51. Kf3 Qd3+ 52. Kf2 Qd2+ 53. Kf1 Qd1+ 54. Kf2 Qxd4+ 55. Kf1 Rg1+ 56. Ke2 Qd1+ 57. Ke3 Qe1+ 58. Qxe1 Rxe1+ 59. Kd4 Re4+ 60. Kc5 d4 61. Bf6 d3 62. Bc3 Re2 63. Kd6 Rc2 64. Be1 d2 65. Bxd2 Rxd2+ 66. Kc7 Ra2 67. Kxb7 Rxa5 68. Kc6 Kf7 69. b7 Rb5 70. Kc7 Kf6 0-1

[Event "Blixt-SM 2025"]
[Site "Norrköping, Sweden"]
[Date "2025.09.26"]
[Round "3.8"]
[White "Stahlberg, Adam"]
[Black "Lind, Jan-Olov"]
[Result "1-0"]
[TimeControl "3 min + 2 sec/move"]
[WhiteElo "1911"]
[BlackElo "2057"]

1. d4 Nf6 2. c4 g6 3.
Nc3 Bg7 4. e4 d6 5. Be2 O-O 6. Be3 c6 7. h4 a6 8. h5 b5 9. hxg6 fxg6 10.
a3 bxc4 11. Bxc4+ d5 12. Ba2 e6 13. e5 Nfd7 14. Nf3 Qe7 15. Qd2 c5 16. Nxd5 exd5 17. Bxd5+ Kh8 18. Bxa8 cxd4 19. Bxd4 Nc5 20.
O-O Nb3 21. Qe3 Nxa1 22. Rxa1 Re8 23. Re1 Bb7 24. Bxb7 Qxb7 25. Qe4 Qxe4 26. Rxe4 Nc6 27. Bc3 Kg8 28. e6 Bxc3 29. bxc3 Nd8 30. Nd4 Kg7 31.
e7 Nb7 32. Re6 Nc5 33. Rc6 Nd3 34. Rc7 Kf7 35. Nc6 g5 36. Ra7 Rc8 37. Nd8+ Ke8 38. Ne6 Ne5 39. Ng7+ Kf7 40. e8=Q+ 1-0

[Event "Blixt-SM 2025"]
[Site "Norrköping, Sweden"]
[Date "2025.09.26"]
[Round "5.4"]
[White "Bjorklund, Thomas"]
[Black "Carlsson, Ludvig"]
[Result "0-1"]
[TimeControl "3 min + 2 sec/move"]
[BlackTitle "IM"]
[WhiteElo "2103"]
[BlackElo "2389"]

1. e4 Nc6 2. c3 Nf6 3. d3 d5 4.
exd5 Qxd5 5. Nf3 e5 6. Be2 Bd6 7. Qb3 b6 8. Qxd5 Nxd5 9. O-O Bb7 10. Rd1 O-O-O 11. Nbd2 Nf4 12. Bf1 h6 13. Ne4 Ne6 14. Be3 Be7 15.
Ng3 g6 16. d4 exd4 17. Nxd4 Nexd4 18. cxd4 Bf6 19. d5 Nb4 20. Ne4 Bxb2 21. Rab1 Nxd5 22. Rxb2 Nxe3 23. Rxd8+ Rxd8 24. fxe3 Bxe4 25. Kf2 c5 26. Bc4 f6 27.
h3 Kc7 28. Kg3 g5 29. Kf2 Rd1 30. Be2 Rd5 31. g4 f5 32. Bc4 Rd1 33. Be2 Rc1 34. Rd2 Rc2 35. Rxc2 Bxc2 36. gxf5 Bxf5 37. Kg3 Kd6 38. h4 Ke5 39. hxg5 hxg5 40. Kf2 Bd7 41. Bf3 b5 42. Ke2 b4 43. Kd2 a5 44. Be2 Be6 45. Bc4 Bxc4 46. e4 0-1

[Event "Blixt-SM 2025"]
[Site "Norrköping, Sweden"]
[Date "2025.09.26"]
[Round "6.10"]
[White "Iwraeus, Lowe"]
[Black "Grahn, Vidar"]
[Result "1/2-1/2"]
[TimeControl "3 min + 2 sec/move"]
[BlackTitle "FM"]
[WhiteElo "2060"]
[BlackElo "2236"]

1. d4 d5 2. Nf3 Nf6 3. g3 c5 4. c3 Nc6 5. Bg2 cxd4 6. cxd4 Bf5 7. a3 e6 8. b4 a6 9.
O-O h6 10. Nbd2 Be7 11. Bb2 O-O 12. Rc1 Rc8 13. Nb3 b6 14. Nbd2 Qd7 15. Qb3 Bh7 16. Rfd1 Rc7 17. Ne5 Nxe5 18.
dxe5 Ne8 19. Rxc7 Nxc7 20. Nf3 Rc8 21. Rc1 Nb5 22. Qd1 Rc6 23. Nd4 Nxd4 24. Bxd4 Qc7 25. Rxc6 Qxc6 26. e3 a5 27. Qd2 axb4 28. axb4 Qc4 29. Bxb6 Bxb4 30. Qd1 Bc2 31. Qc1 Qb3 32. Bd4 Ba3 33. Qe1 Bb4 34. Qc1 Bd3 35. Bf3 Ba3 36. Bd1 Qb4 37. Qc3 Qb1 38. Qb3 Qxb3 39. Bxb3 g5 40. Bd1 Kg7 41. Kg2 Kg6 42. g4 Bb4 43. h3 Ba5 44.
Ba4 Kg7 45. Bd1 Kf8 46. Ba4 Kg7 47.
Bd1 Bc7 48. Ba4 Kf8 49. Bc5+ Kg8 50. Bd4 Kg7 51. Bd1 Kg6 52. Ba4 h5 53. Bd1 h4 54. Ba4 Be4+ 55. f3 Bd3 56. Kf2 Ba5 57. Bd1 Bd2 58. Ba4 Kg7 59. Bd1 Bb4 60. Ba4 Kf8 61. Bc6 Be7 62. Ba4 Kg7 63. Bd1 f6 64. exf6+ Bxf6 65. Bxf6+ Kxf6 66. f4 e5 67. Bf3 exf4 68. exf4 gxf4 69.
Bxd5 Kg5 70. Bf3 Bc4 71. Be4 1/2-1/2

[Event "Blixt-SM 2025"]
[Site "Norrköping, Sweden"]
[Date "2025.09.26"]
[Round "8.6"]
[White "Muntean, Victor"]
[Black "Berovski, Krum"]
[Result "0-1"]
[TimeControl "3 min + 2 sec/move"]
[WhiteElo "2151"]
[BlackElo "2344"]

1. e4 e6 2. Qe2 e5 3. f4 exf4 4. d4 Qh4+ 5. Qf2 Qxf2+ 6. Kxf2 Nf6 7. Bd3 d5 8. e5 Ng4+ 9. Ke2 c5 10. c3 Nc6 11. Nf3 cxd4 12. cxd4 Nb4 13. Nc3 Nxd3 14. Nxd5 Ndf2 15. Re1 Bf5 16. Nc7+ Kd7 17. Nxa8 Bd3+ 18. Kd2 Bb4# 0-1

[Event "Blixt-SM 2025"]
[Site "Norrköping, Sweden"]
[Date "2025.09.26"]
[Round "10.2"]
[White "Rogoz, Vladyslav"]
[Black "Carlsson, Ludvig"]
[Result "0-1"]
[TimeControl "3 min + 2 sec/move"]
[BlackTitle "IM"]
[WhiteElo "2108"]
[BlackElo "2389"]

1. d4 d5 2. c4 e5 3. dxe5 Ne7 4. Nf3 Nbc6 5. Bf4 Be6 6. c5 Ng6 7. Bg5 Be7 8.
Bxe7 Qxe7 9. Qb3 Qxc5 10. Nbd2 Ngxe5 11. Nxe5 Nxe5 12. Qg3 d4 13. Qxg7 O-O-O 14. b4 Qc3 15. Rd1 d3 16. Qg3 Rhg8 17.
Qe3 Rge8 18. Qxa7 Bg4 19. Qa8+ Kd7 20. Qxb7 dxe2 21. f3 Nd3# 0-1

[Event "Blixt-SM 2025"]
[Site "Norrköping, Sweden"]
[Date "2025.09.26"]
[Round "11.8"]
[White "Wernberg, Hugo"]
[Black "Bjorklund, Thomas"]
[Result "1-0"]
[TimeControl "3 min + 2 sec/move"]
[WhiteTitle "FM"]
[WhiteElo "2285"]
[BlackElo "2103"]

1. g3 c6 2. Bg2 d5 3. Nf3 Nf6 4. c4 e6 5. b3 g6 6. Bb2 Bg7 7. O-O O-O 8. d3 b6 9. Nbd2 Bb7 10. a3 Nbd7 11. Qc2 c5 12. Ne5 Nxe5 13. Bxe5 Nd7 14. Bxg7 Kxg7 15. cxd5 Bxd5 16.
Bxd5 exd5 17. d4 Rc8 18. Nf3 Nf6 19. Kg2 Re8 20. Qb2 c4 21. Rac1 b5 22. a4 a6 23. axb5 axb5 24. Ne5 Nd7 25. bxc4 bxc4 26. Rfd1 f6 27. Nf3 Rb8 28. Qc2 Rb3 29.
Ra1 Qb6 30. Ra2 Rb8 31. Rda1 Rb7 32.
e4 Qc6 33. e5 fxe5 34. Ra6 R7b6 35. Ra7 Rb7 36. R1a6 R3b6 37.
Rxb7 Qxb7 38. Rxb6 Qxb6 39. dxe5 Qb3 40. Qd2 c3 41. Qg5 Qb4 42. e6 Nf6 43. Qe5 Qe4 44. Qc7+ Kh6 45. Qxc3 Qxe6 46. Nd4 Qe4+ 47. f3 Qe5 48. Qd2+ Kg7 49. Nc6 Qd6 50. Nd4 Qe5 51. Ne2 h5 52. h4 Qd6 53. Qd4 Qe6 54. Nf4 Qd6 55. Nh3 Qa3 56. Ng5 Qa2+ 57. Kh3 Qb1 58. Ne6+ Kf7 59. Ng5+ Kg7 60. Qa7+ Kh8 61. Kg2 Qc2+ 62. Qf2 Qxf2+ 63. Kxf2 Kg7 64. Ke3 Nd7 65.
Kd4 Nb6 66. Kc5 Na4+ 67. Kxd5 Kf6 68. Ke4 Nc3+ 69. Kf4 Nd5+ 70. Ke4 Nc3+ 71. Kd3 Nd5 72. Ne4+ Ke5 73. Nf2 Kf5 74. Nd1 Nb4+ 75. Ke3 Nd5+ 1-0

[Event "Blixt-SM 2025"]
[Site "Norrköping, Sweden"]
[Date "2025.09.26"]
[Round "2.3"]
[White "Religa, Marek"]
[Black "Persson, Richard"]
[Result "1-0"]
[TimeControl "3 min + 2 sec/move"]
[BlackTitle "CM"]
[WhiteElo "2207"]
[BlackElo "2106"]

1. e4 c6 2. c4 d5 3. exd5 cxd5 4.
cxd5 Nf6 5. Nc3 g6 6. Bc4 Bg7 7.
Nf3 O-O 8. O-O Nbd7 9. d3 Nb6 10.
Qb3 Bg4 11. Ne5 Bd7 12. Re1 Rc8 13. h3 Qc7 14. Bf4 Qd8 15. Re2 Ne8 16. Rae1 Bf6 17. Ne4 Nd6 18. Nxf6+ exf6 19. Nxg6 Ndxc4 20. Ne7+ Kg7 21. dxc4 Rxc4 22. Qg3+ Kh8 23. Bh6 Bg4 24. Bxf8 Qxf8 25. hxg4 Qg7 26. Nf5 1-0

[Event "Blixt-SM 2025"]
[Site "Norrköping, Sweden"]
[Date "2025.09.26"]
[Round "3.9"]
[White "Smith, Axel"]
[Black "Tornberg, Carlos"]
[Result "0-1"]
[TimeControl "3 min + 2 sec/move"]
[WhiteTitle "GM"]
[WhiteElo "2431"]
[BlackElo "2053"]

1. c4 c5 2. Nf3 Nc6 3. d4 cxd4 4. Nxd4 g6 5. e4 Bg7 6. Be3 Nf6 7. Nc3 d6 8. Be2 O-O 9. O-O Bd7 10. h3 Rc8 11. Nc2 h5 12. Qd2 Kh7 13. Rac1 Qa5 14.
a3 Ne5 15. b3 Bc6 16. f4 Ned7 17. Bf3 Qd8 18. Nd4 Nc5 19. Nxc6 bxc6 20. Rb1 Ne6 21. b4 a5 22. Rfc1 Nd7 23.
Qf2 axb4 24. axb4 c5 25. b5 Nb6 26. Nd5 Nd4 27. Kh2 Ra8 28. Nxb6 Qxb6 29. Ra1 Nxf3+ 30. Qxf3 Rxa1 31. Rc2 Rfa8 32. f5 R8a3 33. Re2 Be5+ 34.
g3 R1a2 35. Kg2 Rxe2+ 36. Qxe2 Qa5 37. fxg6+ fxg6 38. Qf3 Ra2+ 39. Bf2 Qd2 40. Qf7+ Bg7 41. h4 Qe2 42. e5 Qe4+ 43. Kh2 Qxe5 44. b6 Qf6 45. Qxf6 Bxf6 46. b7 Rxf2+ 47. Kh3 Rb2 48. g4 hxg4+ 49. Kxg4 Rxb7 50. Kf4 Bxh4 51. Kg4 Rb4 52. Kh3 Rxc4 53. Kh2 Rg4 54. Kh3 Rd4 55. Kh2 Bf6 56. Kh3 c4 57. Kg3 c3 58.
Kf3 c2 59. Ke2 c1=Q 60. Kf3 Qc3+ 61. Ke2 Rd2+ 62. Kf1 Qc1# 0-1

[Event "Blixt-SM 2025"]
[Site "Norrköping, Sweden"]
[Date "2025.09.26"]
[Round "5.5"]
[White "Sandberg, Lucas"]
[Black "Iwraeus, Lowe"]
[Result "1/2-1/2"]
[TimeControl "3 min + 2 sec/move"]
[WhiteElo "2268"]
[BlackElo "2060"]

1. e4 e6 2. Nc3 d5 3. Nf3 dxe4 4. Nxe4 Be7 5. d4 Nf6 6. Ng3 c5 7. c3 cxd4 8. Nxd4 Bd7 9. Bd3 Nc6 10. Nf3 Qc7 11.
O-O Rd8 12. Qe2 a6 13. Re1 O-O 14. Ne4 Nxe4 15. Qxe4 g6 16. Bh6 Rfe8 17. Rad1 b5 18. a4 bxa4 19. h4 Bf6 20. Bg5 Bxg5 21. Nxg5 Bc8 22. Qxa4 Bb7 23.
Qg4 Ne7 24. Ne4 Bxe4 25. Qxe4 Qc5 26. Bxa6 Nf5 27. Bd3 Rb8 28. Rd2 Red8 29. Red1 Qe7 30. g3 h5 31. Qf3 Ng7 32. Be4 Rxd2 33. Rxd2 Ne8 34. Qf4 Rc8 35. Bf3 Kg7 36. Qe5+ Qf6 37. Qxf6+ Nxf6 38. Kg2 Kf8 39. Rc2 Ke7 40. b4 Nd7 41. c4 Rb8 42. Rb2 Nc5 43. b5 Kd6 44.
Ra2 Rc8 45. Ra7 f5 46. b6 Rb8 47.
b7 Kc7 48. Ra5 Nxb7 49. Ra6 Nd8 50.
c5 Rc8 51. Ra7+ Kb8 52. Ra8+ Kc7 53. Ra5 Kd7 54. Kf1 Nc6 55. Ra4 Ne5 56. Ra7+ Rc7 57.
Rxc7+ Kxc7 58. Bg2 Nd3 59. Ke2 Nxc5 60. Ke3 e5 61. Bd5 Nd7 62.
Bf7 Nf8 63. Kd3 Kd6 64. Kc4 Ke7 65. Bd5 Kf6 66. Kc5 e4 67. Kd6 Nh7 68. Ba2 1/2-1/2

[ePGN "0.1;DGT LiveChess/2.2.7"]

[Event "Blixt-SM 2025"]
[Site "Norrköping, Sweden"]
[Date "2025.09.26"]
[Round "7.1"]
[White "Johnson, Daniel"]
[Black "Seo, Jung Min"]
[Result "1/2-1/2"]
[TimeControl "3 min + 2 sec/move"]
[BlackTitle "IM"]
[WhiteElo "2177"]
[BlackElo "2480"]

1. d4 Nf6 2. c4 e6 3. Nc3 Bb4 4. Qc2 c5 5. dxc5 O-O 6. Nf3 Na6 7. g3 Nxc5 8. Bg2 Nce4 9. O-O Bxc3 10. bxc3 Qc7 11. Nd4 d5 12. cxd5 exd5 13. Bf4 Qc5 14. Rfc1 b6 15.
Qb2 Ba6 16. Be3 Qc8 17. Nf3 Re8 18. Bd4 Qc7 19. Re1 Bc4 20. Rac1 Rac8 21. a3 Nd7 22. Nd2 Nxd2 23. Qxd2 Nc5 24. Qg5 Ne6 25. Qh4 Nxd4 26.
cxd4 Qd6 27. Rc3 b5 28. e4 dxe4 29. Rxe4 g6 30. Rce3 Rxe4 31. Qxe4 Rd8 32. d5 Bxd5 33. Qxd5 Qxd5 34.
Bxd5 Rxd5 35. Re8+ Kg7 36. Ra8 Rd7 37. Rb8 Rd3 38. Rxb5 Rxa3 39. h4 a5 40. Rb6 h5 41. Ra6 Ra2 42. Kf1 a4 43. Rb6 a3 44. Ra6 Kf8 45. Kg2 Ke8 46. Ra7 Kf8 47. Kf3 Kg7 48. Ra6 Ra1 49. Ke2 f6 50. Kf3 Kf7 51. Ke3 Ke7 52. Kf3 g5 53. hxg5 fxg5 54. Ke3 h4 55. gxh4 gxh4 56. Kf3 a2 57. Kg2 h3+ 58. Kh2 Kd7 59. f4 Ke7 60. f5 Kf7 61. Ra4 Kf6 62. Ra5 Kg5 63. Ra6 Kxf5 64. Ra5+ Ke4 65. Ra4+ Kd5 66. Ra5+ Kc4 67. Ra8 Kb5 68. Rb8+ Kc6 69. Ra8 Kb7 70. Ra3 Kc7 71. Ra7+ Kd6 72. Ra8 Ke7 73. Ra7+ Kf6 74. Ra6+ Kg7 75. Ra7+ Kh8 76. Ra8+ Kg7 77. Ra7+ Kh8 78. Ra8+ Kg7 79. Ra7+ Kh8 1/2-1/2

[Event "Blixt-SM 2025"]
[Site "Norrköping, Sweden"]
[Date "2025.09.26"]
[Round "8.7"]
[White "Iwraeus, Lowe"]
[Black "Karlsson, Stefan 2005"]
[Result "0-1"]
[TimeControl "3 min + 2 sec/move"]
[WhiteElo "2060"]
[BlackElo "2112"]

1. d4 d5 2. Nf3 Nf6 3. g3 g6 4. Bg2 Bg7 5. O-O O-O 6. b3 c5 7. c3 Nc6 8. Bb2 Nd7 9.
Nbd2 e5 10. dxe5 Ndxe5 11. Nxe5 Nxe5 12.
Nf3 Be6 13. Nxe5 Bxe5 14. Qc2 Qe7 15.
Rad1 Rfd8 16. Rd2 Rd7 17. Rfd1 Rad8 18. h3 Bg7 19. e3 h5 20. c4 dxc4 21. Rxd7 Rxd7 22. Rxd7 Qxd7 23. Bxg7 Kxg7 24. bxc4 b6 25. h4 Kg8 26. a3 Bf5 27. Qc1 Qd3 28. Bf1 Qb3 29. Be2 Bd3 30.
Bxd3 Qxd3 31. Kg2 Qe4+ 32. f3 Qd3 33.
Kf2 Qb3 34. Ke2 Qa2+ 35. Qd2 Qxc4+ 36. Kf2 Qb3 37. Qc1 Qa2+ 38. Kg1 Qe2 39. f4 Qf3 40. Kh2 Qf2+ 41. Kh3 Qe2 42. Qc3 Qd1 43. Qe5 Qh1# 0-1

[Event "Blixt-SM 2025"]
[Site "Norrköping, Sweden"]
[Date "2025.09.26"]
[Round "10.3"]
[White "Religa, Marek"]
[Black "Grahn, Vidar"]
[Result "0-1"]
[TimeControl "3 min + 2 sec/move"]
[BlackTitle "FM"]
[WhiteElo "2207"]
[BlackElo "2236"]

1. e4 c5 2. Nf3 Nc6 3. d4 cxd4 4. Nxd4 e6 5. Nc3 Qc7 6. Be3 a6 7.
Qf3 Nf6 8. O-O-O Ne5 9. Qg3 b5 10. f4 Neg4 11. Bd2 b4 12. Na4 h5 13. Bd3 d5 14. e5 Ne4 15. Bxe4 dxe4 16. h3 Nh6 17. Qb3 Rb8 18. g4 Bd7 19. f5 Qa5 20. fxe6 fxe6 21. Nxe6 Qxa4 22. Nc7+ Kd8 23. Qxa4 Bxa4 24.
Nxa6 Ra8 25. Nxb4 Bxb4 26. Bxb4+ Kc7 27. b3 Bc6 28. g5 Nf5 29. g6 Rxa2 30. Kb1 Rha8 31. Bc3 e3 32. Rhe1 Be4 33. Rc1 R2a6 34. Kb2 Rxg6 35. Rcd1 Rg2 36. Rc1 e2 37. e6 Re8 38. Ra1 Rxe6 39. Ra7+ Kb6 40. Rf7 Nd6 41. Bd4+ Kc6 42. Ra1 Nxf7 0-1

[Event "Blixt-SM 2025"]
[Site "Norrköping, Sweden"]
[Date "2025.09.26"]
[Round "11.9"]
[White "Sandberg, Lucas"]
[Black "Eriksson, Kristian"]
[Result "1-0"]
[TimeControl "3 min + 2 sec/move"]
[WhiteElo "2268"]
[BlackElo "2033"]

1. g4 e5 2. Bg2 Nc6 3. c4 d6 4. e3 f5 5. gxf5 Bxf5 6. Qb3 Rb8 7. Ne2 Nf6 8. Ng3 Be6 9. Nc3 Be7 10. Nd5 O-O 11. d3 Nd7 12.
Bd2 Nc5 13. Qc2 a5 14. b3 Bxd5 15. Bxd5+ Kh8 16. a3 Bf6 17. b4 e4 18. bxc5 Bxa1 19. d4 Bxd4 20.
Bxc6 Bxc5 21. Bxe4 Qh4 22. Bc3 Bxa3 23. Nf5 Rxf5
24. Bxf5 Rf8 25. Rg1 Rf7 26.
Be6 Re7 27. Qf5 1-0

[Event "Blixt-SM 2025"]
[Site "Norrköping, Sweden"]
[Date "2025.09.26"]
[Round "2.4"]
[White "Ljungros, Lo"]
[Black "Johnson, Daniel"]
[Result "0-1"]
[TimeControl "3 min + 2 sec/move"]
[WhiteElo "2103"]
[BlackElo "2177"]

1. Nf3 d5 2. c4 e6 3. e3 Nf6 4. Nc3 b6 5. cxd5 exd5 6.
d4 Bb7 7. Bd3 Bd6 8. O-O O-O 9. Qc2 a6 10. Ne2 Nbd7 11. Ng3 Re8 12. a4 c5 13. b3 Rc8 14. Qb1 g6 15. Ba3 Qe7 16.
Ra2 Ne4 17. Rb2 h5 18. b4 c4 19. Bxe4 dxe4 20. Ne1 c3 21. Rc2 a5 22. bxa5 Bxa3 23. axb6 Ba6 24. Ne2 Bb2 25. f3 Nxb6 26. fxe4 Qxe4 27. Rf3 Nd5 28. Qa2 Bc4 0-1

[Event "Blixt-SM 2025"]
[Site "Norrköping, Sweden"]
[Date "2025.09.26"]
[Round "3.10"]
[White "Tadjerbashi, Amir"]
[Black "Lindh, Fredrik"]
[Result "1-0"]
[TimeControl "3 min + 2 sec/move"]
[BlackTitle "FM"]
[WhiteElo "2235"]
[BlackElo "2249"]

1. e4 c5 2. Nf3 e6 3.
Nc3 Nc6 4. d4 cxd4 5. Nxd4 Qc7 6. g3 a6 7. Bg2 Nf6 8. O-O Nxd4 9. Qxd4 Bc5 10. Bf4 d6 11. Qd2 h6 12. Rad1 e5 13. Be3 Be6 14. Bxc5 dxc5 15. Nd5 Bxd5 16. exd5 O-O 17. d6 Qb6 18. c4 Rad8 19. Rfe1 Rfe8 20. Bh3 Qc6 21. Bg2 e4 22. Bh3 Nd7 23. Qf4 Ne5 24. Bg2 Nxc4 25. Bxe4 Qd7 26. Bf5 Rxe1+ 27. Rxe1 Qb5 28. Bd3 Qb4 29.
Qe4 Nxd6 30. Qh7+ Kf8 31. Qh8# 1-0

[Event "Blixt-SM 2025"]
[Site "Norrköping, Sweden"]
[Date "2025.09.26"]
[Round "5.6"]
[White "Tornberg, Carlos"]
[Black "Johnson, Daniel"]
[Result "0-1"]
[TimeControl "3 min + 2 sec/move"]
[WhiteElo "2053"]
[BlackElo "2177"]

1. e4 e5 2. Nf3 Nc6 3. Bc4 Bc5 4. O-O Nf6 5. d4 Bxd4 6. Nxd4 Nxd4 7.
f4 d6 8. fxe5 dxe5 9. Bg5 Qe7 10. Kh1 Rg8 11. Nd2 Ne6 12. Bxe6 Bxe6 13. Nf3 Bd7 14. Qd2 Nxe4 15. Qe3 Nxg5 16.
Nxg5 f6 17. Ne4 Bc6 18. Nc3 Rf8 19. b4 b6 20. b5 Bb7 21. Rad1 Kf7 22. Ne2 Kg8 23. Ng3 Rad8 24. Nf5 Qf7 25.
Qg3 Kh8 26. Rde1 Bc8 27. Ne3 Rd2 28. a4 Qg6 29. Qf3 Rfd8 30. c4 Be6 31. h3 h6 32. Re2 R2d3 33. Qf2 R3d4 34. Rc2 Qe4 35. Kh2 Qf4+ 36. g3 Qxf2+ 37. Rfxf2 Rd3 38. Nf1 R3d4 39. Nd2 Bf7 40. g4 Bg6 41. Rb2 e4 42. Nf1 Rd3 43. Ng3 R8d4 44. Rbc2 e3 45.
Rfe2 Rd2 46. Rcxd2 Rxd2 47. Kg2 Bd3 48. Rxd2 exd2 0-1

[Event "Blixt-SM 2025"]
[Site "Norrköping, Sweden"]
[Date "2025.09.26"]
[Round "7.2"]
[White "Berovski, Krum"]
[Black "Carlsson, Ludvig"]
[Result "0-1"]
[TimeControl "3 min + 2 sec/move"]
[BlackTitle "IM"]
[WhiteElo "2344"]
[BlackElo "2389"]

1. d4 d5 2. c4 e5 3.
dxe5 Ne7 4. e3 Nbc6 5. Nf3 Bg4 6. cxd5 Qxd5 7. Qxd5 Nxd5 8. Bb5 Ndb4 9. Na3 O-O-O 10. Bxc6 Nxc6 11. Nc4 Bb4+ 12.
Ke2 b5 13. Ncd2 Nxe5 14. h3 Bh5 15. g4 Nxf3 16. Nxf3 Bg6 17. Nd4 Be4 18. f3 Bd5 19. b3 Rhe8 20. Bb2 a6 21. Rac1 Kb7 22. Rc2 c5 23. Nf5 g6 24.
Ng3 c4 25. bxc4 Bxc4+ 26. Kf2
Bc5 27. Ne4 Bb6 28. a4 f5 29. axb5 axb5 30. gxf5 gxf5 31. Nf6 Bxe3+ 32. Kg3 Re7 33. f4 Rd3 34. Rc3 Rxc3 35. Bxc3 Bc5 36. Kh4 Re3 37. Be5 b4 38. Kg5 Bd3 39. Nd5 Rg3+ 40. Kh6 b3 41. Kxh7 Rg2 42. Rc1 Bf2 43. Rc7+ Ka6 44. Rc6+ Kb5 45. Rc8 Ka4 46. Rb8 Bc5 47. Nc3+ Ka3 48. Nb5+ Bxb5 49.
Rxb5 Bb4 50. Rb7 b2 51. Bxb2+ Rxb2 52. Kg6 Rh2 53. Rh7 Bd2 54. Kxf5 Rf2 55. Rh4 Kb4 56. Ke4 Kc5 57. f5 Kd6 58. Rh7 Rf4+ 59. Kd3 Ba5 60.
Rh5 Bd8 61. Ke3 Rf1 62. Ke4 Bf6 63. Rh6 Ke7 64. Rh7+ Kf8 65. h4 Re1+ 66. Kf3 Ra1 67. h5 Ra4 68. Kg3 Bg7 69. h6 Be5+ 70. Kh3 Bf6 71. Kg3 Rh4 72. Rb7 Rxh6 73. Kf3 Rh4 74. Kg3 Rc4 75. Kf3 Be7 76. Ke3 Kf7 77. Kf3 Rc6 78. Ke4 Kf6 79. Ra7 Rc4+ 80. Kd3 Rh4 81. Ra5 Bd6 82. Ra6 Ke5 83. f6 Rf4 84.
Ra5+ Ke6 85. Ke3 Rxf6 86. Kd3 Rh6 87. Rb5 Rh4 88.
Ke3 Be5 89. Kd3 Kf5 90. Ke3 Rh3+ 91. Kf2 Ke4 92. Kg2 Rh2+ 93. Kg1 Ra2 94. Rb3 Bd4+ 95.
Kh1 Be3 96. Rb1 Kf3 97. Rf1+ Kg4 98. Rf7 Bf4 99. Rg7+ Kf3 100.
Rg2 Ra8 101. Rf2+ Kg4 102. Kg2 Ra3 103. Rc2 Rg3+ 104. Kf2 Rh3 105. Kg1 Be3+ 106. Kg2 Rg3+ 107. Kh1 Kf3 108. Kh2 Rg8 109. Kh1 Bd4 110. Rd2 Rh8+ 111. Rh2 Ra8 112. Rh3+ Kg4 113. Rd3 Be5 114. Kg2 Ra2+ 115. Kh1 Bf4 116. Rb3 Bg3 117. Rb4+ Kh3 118. Rb1 Rc2 119. Rd1 Re2 120. Rb1 Rd2 121. Rf1 Bf2 122. Rb1 Rc2 123. Rb3+ Bg3 124. Rb1 Re2 125. Rd1 Ra2 126. Rb1 Rh2+ 127. Kg1 Bf2+ 128. Kf1 Rh1+ 0-1

[Event "Blixt-SM 2025"]
[Site "Norrköping, Sweden"]
[Date "2025.09.26"]
[Round "8.8"]
[White "Smith, Axel"]
[Black "Wernberg, Hugo"]
[Result "1/2-1/2"]
[TimeControl "3 min + 2 sec/move"]
[WhiteTitle "GM"]
[BlackTitle "FM"]
[WhiteElo "2431"]
[BlackElo "2285"]

1. c4 Nf6 2. Nc3 e6 3. e4 d5 4. cxd5 exd5 5. e5 d4 6. exf6 dxc3 7. Bb5+ c6 8. Qe2+ Be6 9. Bc4 cxd2+ 10. Bxd2 Qxf6 11. Nf3 Be7 12. Bc3 Bxc4 13. Qxc4 Qe6+ 14. Qxe6 fxe6 15. Bxg7 Rg8 16. Be5 Nd7 17. Bg3 O-O-O 18. O-O-O Nc5 19. Kc2 Rd5 20.
Rhe1 Rgd8 21. Rxd5 cxd5 22. Nd4 Kd7 23. Rd1 Rc8 24. Kb1 Bf6 25. Nf3 Ne4 26. Nd2 Nxg3 27. hxg3 Rc6 28. Rh1 Kd6 29. Rxh7 Bd4 30. f4 Be3 31. Nb3 d4 32. Rh8 Kd7 33. Rh7+ Kd6 34. Rh1 Kd5 35. Rh7 Kd6 36. Rh1 Kd5 37. Rh7 Kd6 38. Rh8 Kd7 39. Rh1 Kd6 40. Rh8 Kd7 1/2-1/2

[Event "Blixt-SM 2025"]
[Site "Norrköping, Sweden"]
[Date "2025.09.26"]
[Round "10.4"]
[White "Johnson, Daniel"]
[Black "Berovski, Krum"]
[Result "1-0"]
[TimeControl "3 min + 2 sec/move"]
[WhiteElo "2177"]
[BlackElo "2344"]

1. d4 Nf6 2. c4 e6 3. Nc3 Bb4 4. Qc2 O-O 5. Nf3 c5 6. dxc5 Na6 7. g3 Nxc5 8. Bg2 Nce4 9. O-O Bxc3 10. bxc3 d5 11. cxd5 exd5 12. Nd4 Bd7 13. Qb2 Qc7 14. Bf4 Qxc3 15. Qxc3 Nxc3 16. Rfc1 Rac8 17. e3 Nb5 18. Nb3 b6 19. Be5 Ne4 20. Bxe4 dxe4 21. a4 Be6 22. axb5 Bxb3 23. Rxc8 Rxc8 24. Rxa7 f6 25. Rc7 Ra8 26. Bd4 Bd1 27. g4 Bxg4 28. Kg2 Ra5 29. Bxb6 Rxb5 30. Bd4 1-0

[Event "Blixt-SM 2025"]
[Site "Norrköping, Sweden"]
[Date "2025.09.26"]
[Round "11.10"]
[White "Israelsson, Lukas"]
[Black "Nygren, Kim"]
[Result "0-1"]
[TimeControl "3 min + 2 sec/move"]
[BlackTitle "CM"]
[WhiteElo "1975"]
[BlackElo "2173"]

1. e4 c5 2. Nf3 d6 3. d4 cxd4 4.
Nxd4 Nf6 5. Nc3 a6 6. h3 e5 7. Nf3 Be6 8. Ng5 Qd7 9. Nxe6 Qxe6 10. Nd5 Nxd5 11. exd5 Qg6 12. Be3 Be7 13. Qg4 f5 14.
Qa4+ Kf7 15. g4 f4 16. Bd3 Qf6 17. Bb6 Bd8 18. Bxd8 Qxd8 19. Bf5 g6 20. Be6+ Kg7 21. h4 b5 22. Qe4 Nd7 23. h5 Nc5 24. Qf3 Qf6 25. O-O-O e4 26. Qc3 Qxc3 27.
bxc3 Kf6 28. hxg6 hxg6 29. Rxh8 Rxh8 30. Rd4 Rh2 31. f3 Re2 32. Kd1 Re3 33. fxe4 Nxe4 34. Kc1 f3 35. g5+ Kxg5 36. Bc8 f2 37.
Rd1 Re1 38. Bh3 Nxc3 39. Kd2 Rxd1+ 40. Kxc3 f1=Q 41. Bxf1 Rxf1 42. Kb4 Rc1 43. Ka5 Rxc2 44. Kxa6 Rxa2+ 45. Kxb5 Rc2 0-1

[Event "Blixt-SM 2025"]
[Site "Norrköping, Sweden"]
[Date "2025.09.26"]
[Round "2.5"]
[White "Lindh, Fredrik"]
[Black "Odell Johansson, Leo"]
[Result "1/2-1/2"]
[TimeControl "3 min + 2 sec/move"]
[WhiteTitle "FM"]
[WhiteElo "2249"]
[BlackElo "2025"]

1. e4 c5 2. Nf3 Nc6 3. d4 cxd4
4. Nxd4 e5 5. Nb5 d6 6. N1c3 a6 7. Na3 Be7 8. Nd5 Nf6 9. Nxf6+ Bxf6 10. Nc4 O-O 11. a4 Be6 12. Be3 Qe7 13. Nb6 Rad8 14. Nd5 Bxd5 15. exd5 Nb8 16.
Be2 Bg5 17. Bb6 Rc8 18. c3 Nd7 19. Ba5 Nc5 20. O-O f5 21. b4 Ne4 22. c4 Nc3 23.
Qe1 Nxe2+ 24. Qxe2 e4 25. Bb6 Qe5 26. Rfd1 Qc3 27. c5 Qxb4 28. Rdb1 Qc3 29. cxd6 Rf7 30. g3 Rd7 31. Bc7 Qc5 32. Rxb7 Qxd5 33.
Rab1 h6 34. Qxa6 e3 35. Qe2 exf2+ 36. Qxf2 Qd3 37. Rb8 Rxb8 38. Rxb8+ Kh7 39. Kg2 Be3 40. Qb2 Qe4+ 41. Kh3 Qg4+ 42. Kg2 Qe4+ 43. Kh3 Qg4+ 44. Kg2 Qe4+ 1/2-1/2

[ePGN "0.1;DGT LiveChess/2.2.7"]

[Event "Blixt-SM 2025"]
[Site "Norrköping, Sweden"]
[Date "2025.09.26"]
[Round "4.1"]
[White "Seo, Jung Min"]
[Black "Wernberg, Hugo"]
[Result "1-0"]
[TimeControl "3 min + 2 sec/move"]
[WhiteTitle "IM"]
[BlackTitle "FM"]
[WhiteElo "2480"]
[BlackElo "2285"]

1. d4 Nf6 2. Bg5 c5 3. d5 d6 4. Nc3 h6 5. Bf4 g6 6. e4 Bg7 7. Be2 Nbd7 8. a4 O-O 9. Nf3 Nh5 10. Be3 f5 11. exf5 gxf5 12. Nh4 f4 13. Bd2 Nhf6 14. Ng6 Re8 15. Bxf4 Nf8 16. Nxf8 Rxf8 17. Qd2 h5 18. O-O Bf5 19.
Rae1 Qe8 20. Bd3 Qg6 21. Bxf5 Qxf5 22. Rxe7 Ng4 23. Bxd6 Bd4 24. Re2 Rf6 25. Bg3 Raf8 26. Nd1 h4 27. Bxh4 Rh6 28. Bg3 Qh5 29. h3 Nf6 30. c3 Bxf2+ 31. Rexf2 Rg6 32. Qd3 Rf7 33. Ne3 Qh6 34. Rf3 Qg7 35. Ng4 1-0

[Event "Blixt-SM 2025"]
[Site "Norrköping, Sweden"]
[Date "2025.09.26"]
[Round "5.7"]
[White "Persson, Richard"]
[Black "Grahn, Vidar"]
[Result "1-0"]
[TimeControl "3 min + 2 sec/move"]
[WhiteTitle "CM"]
[BlackTitle "FM"]
[WhiteElo "2106"]
[BlackElo "2236"]

1. e4 c5 2. Be2 Nc6 3. f4 e6 4.
Nf3 d6 5. O-O g6 6. d3 Bg7 7. c3 Nge7 8. Na3 O-O 9. Qe1 Rb8 10. Bd2 b5 11.
Nc2 a5 12. a3 d5 13. Qh4 b4 14. axb4 axb4 15. e5 bxc3 16. bxc3 Rb2 17. Na3 d4 18. c4 Nf5 19. Qxd8 Rxd8 20. Rfb1 Rxb1+ 21. Rxb1 Bd7 22. Nb5 Rb8 23.
Ra1 Nb4 24. g4 Bxb5 25. gxf5 Bc6 26. f6 Bh6 27. Ng5 Ra8 28. Rb1 Bxg5 29. fxg5 Ra4 30. Kf2 Kf8 31. Ke1 Ke8 32. Bxb4 Rxb4 33. Rxb4 cxb4 34. Kd2 Ba4 35. Bd1 Bxd1 36. Kxd1 Kd7 37. Kc2 Kc6 38. Kb3 Kc5 39. h3 Kc6 40. Kxb4 Kb6 41. c5+ 1-0